 Dungeon Crawl Stone Soup version 0.17-a0-1850-g688e747 (webtiles) character file.

42 enrike the Magician (level 3, -4/21 HPs)
             Began as a High Elf Wizard on Sept 16, 2015.
             Killed from afar by a white imp (11 damage)
             ... with a puff of frost
             ... summoned by Natasha
             ... on level 2 of the Dungeon on Sept 18, 2015.
             The game lasted 00:14:41 (1662 turns).

enrike the Magician (High Elf Wizard)               Turns: 1662, Time: 00:14:43

Health: -4/21      AC:  3    Str:  7    XL:     3   Next: 33%
Magic:  10/10      EV: 12    Int: 22    God:
Gold:   47         SH:  0    Dex: 13    Spells: 1 memorised, 10 levels left

rFire  . . .     SeeInvis .     g - +0 short sword
rCold  . . .     Clarity  .     h - +0 leather armour
rNeg   . . .     SustAt   +     (no shield)
rPois  .         Gourm    .     b - +0 hat
rElec  .         Spirit   .     (no cloak)
rCorr  .         Warding  .     (no gloves)
rMut   .         Stasis   .     (no boots)
MR     .....                    (no amulet)
Stlth  ++........               (no ring)
                                m - ring of sustain attributes

@: slowed, very slow, not resistant to hostile enchantments, unstealthy
A: no striking features
a: no special abilities


You were on level 2 of the Dungeon.
You were not hungry.

You visited 1 branch of the dungeon, and saw 2 of its levels.

You collected 47 gold pieces.

Inventory:

Hand weapons
 d - a +0 dagger
 g - a +0 short sword (weapon)
Armour
 a - a +0 robe
 b - a +0 hat (worn)
 h - a +0 leather armour (worn)
 o - a +0 leather armour
Jewellery
 m - a ring of sustain attributes (left hand)
Scrolls
 j - a scroll of remove curse
 n - a scroll of identify
Potions
 e - a potion of brilliance
 i - a potion of beneficial mutation {unknown}
 k - a potion of cancellation {unknown}
 p - a potion of curing {unknown}
Books
 c - a book of Minor Magic

   Spells                             Type                      Level
   a - Magic Dart                     Conjuration                  1
   b - Blink                          Translocation                2
   c - Call Imp                       Summoning                    2
   d - Repel Missiles                 Charms/Air                   2
   e - Slow                           Hexes                        2
   f - Conjure Flame                  Conjuration/Fire             3
   g - Mephitic Cloud                 Conjuration/Poison/Air       3
Comestibles
 f - 2 meat rations
 l - a bread ration


   Skills:
 + Level 0.5 Armour
 + Level 2.5 Dodging
 + Level 2.4 Stealth
 + Level 4.5 Spellcasting
 + Level 1.3 Conjurations
   Level 0.8 Summonings
   Level 1.1 Translocations


You had 10 spell levels left.
You knew the following spells:

 Your Spells              Type           Power        Failure   Level  Hunger
a - Magic Dart            Conj           ##..         12%         1    None


Dungeon Overview and Level Annotations

Branches:
Dungeon (2/15)

Altars:

Annotations:
D:2 Natasha


Message History

There is an open door here.
There isn't anything here!
Natasha casts a spell at you. The magic dart hits you!
Natasha casts a spell.
Natasha stares at you and mumbles some strange words.
You feel yourself slow down. The white imp gestures at you.
The puff of frost misses you.
The white imp shouts, "Get thee gone, thou loggerheaded fat-kidneyed lout!"
Natasha mumbles some strange words.
The crimson imp blinks!
Natasha howls an incantation.
You feel disoriented.
The crimson imp blinks!
The white imp shouts, "Out, out, thou weakly onion-eyed clotpole!"
The white imp gestures at you. The puff of frost hits you!
Ouch! That really hurt!
You die...

.... #(# ... ##'## ### #####
#.# ##.(.## #.. ###...# #)##
##.....###.# #.###.# #..##
##.......##.###.###.#
####...####§..5.....#.##......#
.....5....'.........'.........#
####...####§..h.5...#.##......#
##..# ##...5@..##.##..#...#
##.# ##.....###.........# #.#
##...## ####.##..## #.# ##+##
#.....# #.# #.# ####.## #.# #(#
#.# #.# ##.## #.# ##.## ##...##
#.# #...#####.....# #.#


You could see Natasha, 2 crimson imps and a white imp.

Vanquished Creatures
  An ooze (D:1)
  2 ball pythons (D:1)
  6 bats (D:1)
  3 giant cockroaches (D:1)
  8 hobgoblins (D:1)
  5 kobolds
  3 giant newts (D:1)
  5 goblins
  4 rats
37 creatures vanquished.

Notes
Turn   | Place    | Note
--------------------------------------------------------------
     0 | D:1      | enrike the High Elf Wizard began the quest for the Orb.
     0 | D:1      | Reached XP level 1. HP: 11/11 MP: 6/6
    16 | D:1      | Upgraded the game from 0.17-a0-1840-g87820a2 to 0.17-a0-1842-gacc33f2
    66 | D:1      | Upgraded the game from 0.17-a0-1842-gacc33f2 to 0.17-a0-1850-g688e747
   146 | D:1      | Reached skill level 4 in Spellcasting
   239 | D:1      | Reached XP level 2. HP: 17/17 MP: 1/8
   893 | D:1      | Reached XP level 3. HP: 18/21 MP: 2/9
  1638 | D:2      | Noticed Natasha
  1662 | D:2      | Killed from afar by a white imp

Vault maps used:
D:1:      minmay_arrival_jagged, serial_glass, glass_columns_b, glass_columns_b
D:2:      minitemple, gammafunk_temple_overflow_statue, uniq_natasha, uniq_robin

Action                   || total
-------------------------++-------
Melee: Unarmed           ||     1
       Short sword       ||    33
 Cast: Magic Dart        ||    79
  Use: Scroll            ||     4
       Potion            ||     1
  Eat: Bread ration      ||     1
